 Dungeon Crawl Stone Soup version 0.22.1-2-g9c5b331383 (webtiles) character file.

229 Ihlosi the Slasher (level 6, -1/51 HPs)
             Began as a Human Gladiator on Nov 21, 2018.
             Slain by an orc (2 damage)
             ... on level 2 of the Dungeon.
             The game lasted 00:06:23 (1788 turns).

Ihlosi the Slasher (Human Gladiator)                Turns: 1788, Time: 00:06:24

Health: -1/51      AC:  5    Str: 15 (16) XL:     6   Next: 23%
Magic:  6/6        EV: 13    Int:  7 (8)  God:
Gold:   74         SH:  0    Dex: 14 (15) Spells: 5/5 levels left

rFire    . . .     SeeInvis .   b - +1 falchion (flame)
rCold    . . .     Gourm    .   (no shield)
rNeg     . . .     Faith    .   e - +0 leather armour
rPois    .         Spirit   .   (helmet restricted)
rElec    .         Reflect  .   (no cloak)
rCorr    .         Harm     .   (no gloves)
MR       .....                  (no boots)
Stlth    +.........             (no amulet)
HPRegen  0.17/turn              (no ring)
MPRegen  0.10/turn              (no ring)

@: no status effects
A: beak, yellow scales 1, robust 1, subdued magic 1
a: no special abilities


You were on level 2 of the Dungeon.
You were not hungry.

You visited 1 branch of the dungeon, and saw 3 of its levels.

You collected 74 gold pieces.

Inventory:

Hand Weapons
 a - a +0 long sword
 b - a +1 falchion of flaming (weapon)
Missiles
 d - 3 throwing nets (quivered)
Armour
 c - a +0 helmet
 e - a +0 leather armour (worn)
Scrolls
 h - a scroll of enchant armour {unknown}
 i - a scroll of remove curse {unknown}
 j - a scroll of teleportation {unknown}
 l - a scroll of identify {unknown}
 m - a scroll of immolation {unknown}
 n - a scroll of enchant weapon {unknown}
 o - a scroll of magic mapping {unknown}
Comestibles
 f - 3 rations
 p - a chunk of flesh


   Skills:
 * Level 3.2 Fighting
 + Level 4.8 Long Blades
 - Level 2.0 Throwing
 * Level 2.0 Armour
 + Level 3.5 Dodging
 - Level 1.0 Stealth


You had 5 spell levels left.
You didn't know any spells.
Your spell library was empty.

Dungeon Overview and Level Annotations

Branches:
Dungeon (3/15)

Altars:
Qazlal


Innate Abilities, Weirdness & Mutations

You have a beak for a mouth.
You are partially covered in yellow scales. (AC +2)
You are robust. (+10% HP)
Your spells are a little easier to cast, but a little less powerful.


Message History

The orc barely misses you. The orc wizard completely misses you.
You climb upwards.
There is a stone staircase leading down here.
You closely miss the orc wizard.
The orc wizard is heavily wounded.
The orc wizard misses you.
You riposte.
You hit the orc wizard but do no damage.
Your peck misses the orc wizard.
The orc wizard is heavily wounded.
The orc closely misses you.
You riposte.
You barely miss the orc.
The orc wizard gestures at you while chanting.
The puff of frost misses you.
You aren't carrying any potions.
Unknown command.
You closely miss the orc wizard. Your peck misses the orc wizard.
The orc wizard is heavily wounded.
The orc wizard hits you with a dagger.
* * * LOW HITPOINT WARNING * * *
The orc hits you.
You die...

#.##.....#.#
#.##§...§#.#
#.####.###.#
#.##..[..#.#
#..(.......####
####..........#
#.......####.###
#.......####...#####
#..@....+...........
#.o.o...##.....#####
#.......##.#####
##########...####
###....# #....#
###########
#....####
#.........#
#....'...
###.........#
#....####


You could see an orc wizard and an orc.

Vanquished Creatures
  An ogre (D:2)
  Jessica (D:2)
  Terence (D:2)
  2 adders (D:2)
  2 oozes
  2 dart slugs (D:1)
  3 leopard geckos
  An orc (D:3)
  A giant cockroach (D:2)
  4 goblins
  12 hobgoblins
  A ball python (D:3)
  6 bats
  10 frilled lizards
  8 kobolds
  7 rats
62 creatures vanquished.

Notes
Turn   | Place    | Note
-------+----------+-------------------------------------------
     0 | D:1      | Ihlosi the Human Gladiator began the quest for the Orb.
     0 | D:1      | Reached XP level 1. HP: 16/16 MP: 1/1
    86 | D:1      | Reached XP level 2. HP: 18/22 MP: 2/2
   220 | D:1      | Reached XP level 3. HP: 23/27 MP: 3/3
   332 | D:1      | Reached skill level 1 in Stealth
   444 | D:1      | Reached skill level 1 in Armour
   504 | D:1      | You fall through a shaft!
   682 | D:2      | Noticed Jessica
   682 | D:2      | Noticed an ogre
   684 | D:2      | Noticed Terence
   700 | D:2      | Killed an ogre
   700 | D:2      | Reached skill level 4 in Long Blades
   700 | D:2      | Reached XP level 4. HP: 34/34 MP: 4/4
   700 | D:2      | Reached XP level 5. HP: 40/40 MP: 5/5
   710 | D:2      | Killed Terence
   715 | D:2      | Killed Jessica
   832 | D:2      | Reached XP level 6. HP: 35/47 MP: 6/6
  1376 | D:2      | Found a stormy altar of Qazlal.
  1779 | D:3      | Gained mutation: Your spells are a little easier to cast,
                  | but a little less powerful. [potion of mutation]
  1779 | D:3      | Gained mutation: You are robust. (+10% HP) [potion of
                  | mutation]
  1779 | D:3      | Gained mutation: You are partially covered in yellow
                  | scales. (AC +2) [potion of mutation]
  1779 | D:3      | Gained mutation: You have a beak for a mouth. [potion of
                  | mutation]
  1782 | D:3      | Noticed an ice beast
  1788 | D:2      | HP: 1/51 [orc wizard/dagger (3)]
  1788 | D:2      | Slain by an orc

Skill      XL: |  1  2  3  4  5  6 |
---------------+-------------------+-----
Stealth        | 1 |  1.0
Armour         | 1 2 |  2.0
Long Blades    | 4 |  4.8
Fighting       | 3 |  3.2
Throwing       | |  2.0
Dodging        | |  3.5

Action                   |  1- 3 |  4- 6 || total
-------------------------+-------+-------++-------
Melee: Long sword        |    75 |    14 ||    89
       Falchion          |       |    65 ||    65
  Use: Potion            |     2 |     2 ||     4
 Stab: Sleeping          |     1 |     3 ||     4
       Invisible         |     3 |     4 ||     7
  Eat: Chunk             |       |     3 ||     3
Armor: Leather armour    |    16 |    13 ||    29
Dodge: Dodged            |    52 |    65 ||   117
       Rpst.: Long sword |    18 |     3 ||    21
       Falchion          |       |    20 ||    20
